cohdb
Replays
Latest Replays
All Replays
Popular Replays
Top Player Replays
Match Explorer
How It Works
Community
CoH3 Stats
Reddit
Sign in to upload your games and track your stats! →
Sign in with Steam
Match 39649199
Unlisted
Match 39649199
Overview
Messages
Build Orders
End
Construct Infanterie Kompanie
Grenadier Squad
MG 42 Machine Gun Team
Sniper
MG 42 Machine Gun Team
Construct Luftwaffe Kompanie
Flak 30 Anti-aircraft Gun Team
Selects Mechanized Battlegroup
Jäger Squad
Pioneer Squad
Selects Raid Package
Medical Station
Construct Panzer Kompanie
Selects 8 Rad Armored Car
Selects UNKNOWN (2160084)
resonanc3
DoodlingFOX
Raspberry
Tom
TidaL
Huelebragas
0
0
Comments
sign in to comment!
No comments posted yet!